AoeStats
← 17_Neo_

MegaRandom

509007709Analyzed
3v3 RM · 7d ago on Sep 25, 2026· 54m 51s· 6 players
Game mode
Random Map
Map size
Normal (6 player)
Population
200
Speed
Normal
Resources
Standard
Victory
Conquest
Starting age
Dark Age
Ending age
Imperial Age
RankedLock teamsTeams togetherTeam positionsShared explorationLock speedFull tech treeHidden civsTurbo modeCheats
Victory
Defeat
🇨🇴 Mongols · Colombia
1402
+13
🇨🇴 Teutons · Colombia
1390
+13
🇨🇴 Lithuanians · Colombia
1272
+18
🇦🇷 Berbers · Argentina
1340
-15
🇨🇱 Ethiopians · Chile
1331
-15
🇨🇱 Khmer · Chile
1309
-14
Heredero
7:32 Loom
11:04 Feudal Age
17:23 Castle Age
16:04 Double-Bit Axe
23:52 Bow Saw
24:25 Fletching
25:18 Medium Warships
25:05 Horse Collar
28:45 Wheelbarrow
27:58 Town Watch
30:08 Bodkin Arrow
31:35 Padded Archer Armor
31:30 Gold Mining
36:10 Ballistics
36:06 Fishing Lines
37:14 Bloodlines
37:53 Heavy Plow
38:20 Husbandry
39:29 Leather Archer Armor
39:26 Thumb Ring
43:18 Imperial Age
41:18 Kasbah
41:41 Hand Cart
42:10 Gold Shaft Mining
42:01 Caravan
44:26 Conscription
44:21 Bracer
44:04 Light Cavalry
45:48 Chemistry
45:55 Conscription
46:08 Ring Archer Armor
45:19 Elite Genitour
45:25 Hussar
46:11 Scale Barding Armor
48:05 Chain Barding Armor
50:10 Plate Barding Armor
51:26 Conscription
Vito
1:23 Loom
11:18 Feudal Age
13:30 Fletching
18:13 Castle Age
18:08 Padded Archer Armor
18:55 Bodkin Arrow
20:05 Leather Archer Armor
19:38 Crossbowman
21:30 Medium Warships
28:59 Ballistics
35:01 Double-Bit Axe
35:39 Thumb Ring
48:14 Town Watch
51:33 Scale Mail Armor
55:24 Chain Mail Armor
55:20 Forging
Ignacio
2:30 Loom
13:35 Feudal Age
17:36 Castle Age
15:28 Horse Collar
16:00 Double-Bit Axe
17:22 Scale Barding Armor
18:38 Chain Barding Armor
19:39 Forging
19:42 Town Watch
20:06 Husbandry
21:09 Bloodlines
20:55 Gold Mining
22:09 Light Cavalry
26:48 Iron Casting
27:14 Heavy Plow
35:09 Town Patrol
36:36 Gold Shaft Mining
37:06 Caravan
42:17 Imperial Age
42:21 Hussar
43:38 Plate Barding Armor
45:46 Cavalier
RAGNAROK
11:55 Loom
13:46 Feudal Age
15:24 Wheelbarrow
18:01 Castle Age
17:33 Double-Bit Axe
18:37 Bloodlines
18:35 Scale Barding Armor
18:16 Horse Collar
29:13 Pikeman
29:53 Squires
34:07 Scale Mail Armor
34:18 Forging
38:01 Chain Mail Armor
38:21 Iron Casting
49:00 Imperial Age
48:51 Bow Saw
49:57 Hand Cart
50:02 Halberdier
50:14 Cavalier
51:16 Chain Barding Armor
51:58 Blast Furnace
51:28 Plate Mail Armor
52:52 Plate Barding Armor
53:32 Town Watch
54:32 Conscription
53:36 Capped Ram
17_Neo_
6:02 Loom
10:22 Feudal Age
11:33 Fletching
17:56 Wheelbarrow
18:19 Double-Bit Axe
18:15 Horse Collar
24:17 Castle Age
22:32 Gold Mining
23:47 Town Watch
24:56 Bodkin Arrow
24:21 Crossbowman
25:18 Padded Archer Armor
26:03 Ballistics
29:33 Thumb Ring
30:05 Bow Saw
36:13 Hand Cart
41:04 Imperial Age
39:43 Leather Archer Armor
39:29 Scale Mail Armor
39:09 Elite Skirmisher
39:13 Pikeman
39:53 Squires
40:24 Forging
41:21 Chain Mail Armor
42:02 Bracer
43:03 Chemistry
42:41 Iron Casting
43:31 Conscription
43:47 Plate Mail Armor
44:02 Arbalester
46:28 Blast Furnace
Mhao
11:36 Feudal Age
9:52 Loom
17:14 Castle Age
15:39 Double-Bit Axe
17:47 Bloodlines
21:37 Scale Mail Armor
22:15 Horse Collar
26:04 Town Watch
27:23 Scale Barding Armor
28:05 Squires
29:16 Husbandry
29:39 Forging
31:47 Wheelbarrow
33:10 Heavy Plow
33:07 Gold Mining
33:07 Stone Mining
35:07 Chain Barding Armor
37:25 Iron Casting
38:24 Hand Cart
38:04 Demolition Ship
39:19 Town Patrol
39:33 Pikeman
45:28 Imperial Age
43:46 Stone Mining
44:58 Chain Mail Armor
44:34 Fletching
45:35 Cavalier
47:37 Plate Barding Armor
47:25 Bow Saw
47:46 Crop Rotation
47:53 Stone Shaft Mining
49:25 Two-Man Saw
50:50 Conscription
52:04 Paladin
52:25 Halberdier
Connection lost

Rejoining the realm…

Still unreachable

The connection could not be restored.

Session expired

The server has moved on; the page needs a fresh start.